General information
	        
			
        
        - name: 1v1 OB+++ US
 
        - type: Custom game
 
        - host: Blahsmack
 
        - saver: Blahsmack
 
        
map: SecretValley 
        - players: 9
 
        - length: 21:07
 
        - speed: Fast
 - version: 1.22 W3XP
 - replay type:  Public
 
» download(77 KB)
Players
        team 1 (winner) 
              
              
kunt.roII (
gray | 138 APM | 2921 actions | 21:05)
              
 5 Death Knight 
 3 Death Coil
 2 Unholy Aura
 4 Lich 
 2 Frost Nova
 2 Frost Armor
 4 Pandaren Brewmaster 
 2 Breath of Fire
 2 Drunken Haze
 
                » actions 
                
                | Assign group hotkey | 68 |  | 
| Basic commands | 76 |  | 
| Build / train | 96 |  | 
| ESC pressed | 10 |  | 
| Enter build submenu | 17 |  | 
| Enter hero's abilities submenu | 13 |  | 
| Give item / drop item | 3 |  | 
| Remove unit from queue | 2 |  | 
| Right click | 1174 |  | 
| Select / deselect | 344 |  | 
| Select group hotkey | 965 |  | 
| Use ability | 153 |  | 
                2921 total
 » units 
                
                | Acolyte | 8 |  | 
| Ghoul | 9 |  | 
| Gargoyle | 12 |  | 
| Obsidian Statue | 5 |  | 
| Frost Wyrm | 3 |  | 
| Crypt Fiend | 6 |  | 
| Abomination | 2 |  | 
                45 total
 » upgrades
                
                | Destroyer Form | 1 |  | 
| Creature Attack | 1 |  | 
| Web | 1 |  | 
| Burrow | 1 |  | 
                4 total
 » buildings
                
                | Altar of Darkness | 1 |  | 
| Crypt | 1 |  | 
| Ziggurat | 6 |  | 
| Tomb of Relics | 1 |  | 
| Halls of the Dead | 2 |  | 
| Nerubian Tower | 1 |  | 
| Graveyard | 2 |  | 
| Sacrificial Pit | 1 |  | 
| Black Citadel | 2 |  | 
| Slaughterhouse | 1 |  | 
| Boneyard | 1 |  | 
                19 total
 » build order
                00:10 Altar of Darkness
00:14 Crypt
00:25 Ziggurat
01:04 Tomb of Relics
01:39 Ziggurat
02:55 Halls of the Dead
03:39 Nerubian Tower
04:03 Graveyard
04:07 Graveyard
05:02 Ziggurat
06:03 Sacrificial Pit
06:13 Black Citadel
06:13 Black Citadel
07:10 Ziggurat
08:02 Slaughterhouse
08:57 Boneyard
12:16 Ziggurat
12:16 Ziggurat
» items
                
                | Rod of Necromancy | 5 |  | 
| Dust of Appearance | 2 |  | 
| Orb of Corruption | 1 |  | 
| Scroll of Town Portal | 1 |  | 
| Potion of Lesser Invulnerability | 2 |  | 
| Scroll of Protection | 1 |  | 
| Scroll of Healing | 3 |  | 
                15 total
  
               team 2 (loser) 
              
              
» 
D(3)A(T)H (
blue | 81 APM | 1712 actions | 21:05)
              
 5 Demon Hunter 
 3 Mana Burn
 2 Evasion
 3 Keeper of the Grove 
 2 Entangling Roots
 1 Force of Nature
 
                » actions 
                
                | Assign group hotkey | 462 |  | 
| Basic commands | 223 |  | 
| Build / train | 70 |  | 
| Enter build submenu | 20 |  | 
| Enter hero's abilities submenu | 8 |  | 
| Remove unit from queue | 2 |  | 
| Right click | 493 |  | 
| Select / deselect | 339 |  | 
| Select group hotkey | 36 |  | 
| Use ability | 59 |  | 
                1712 total
 » units 
                
                | Wisp | 11 |  | 
| Archer | 14 |  | 
| Hippogryph | 10 |  | 
| Faerie Dragon | 2 |  | 
| Dryad | 5 |  | 
| Druid of the Talon | 2 |  | 
                44 total
 » upgrades
                
                | Improved Bows | 1 |  | 
| Hippogryph Taming | 1 |  | 
| Strength of the Moon | 1 |  | 
| Strength of the Wild | 2 |  | 
| Marksmanship | 1 |  | 
| Reinforced Hides | 2 |  | 
| Upgrade Moon Glaive | 1 |  | 
                9 total
 » buildings
                
                | Altar of Elders | 1 |  | 
| Moon Well | 7 |  | 
| Ancient of War | 1 |  | 
| Ancient of Wonders | 1 |  | 
| Tree of Ages | 1 |  | 
| Ancient of Wind | 2 |  | 
| Hunter's Hall | 1 |  | 
| Tree of Eternity | 1 |  | 
| Ancient of Lore | 2 |  | 
                17 total
 » build order
                00:18 Altar of Elders
00:35 Moon Well
00:50 Ancient of War
01:16 Moon Well
01:44 Ancient of Wonders
03:36 Tree of Ages
06:02 Ancient of Wind
06:05 Ancient of Wind
06:14 Hunter's Hall
06:38 Moon Well
06:43 Moon Well
07:48 Moon Well
09:20 Tree of Eternity
15:22 Ancient of Lore
15:29 Ancient of Lore
17:56 Moon Well
18:00 Moon Well
» items
                 
               observersBlahsmack, 
Prankster, 
owns_me, 
Banena, 
knuckles1018, 
onecheeksneak, 
memie Chat log
          
(01:05 / All) D(3)A(T)H: stairway to heaven has satanic lyrics
(01:09 / All) D(3)A(T)H: look it up on you tube
(01:29 / All) kunt.roII: have u watched zeighgiest
(01:36 / All) D(3)A(T)H: wtf is that
(01:47 / All) kunt.roII: www.google.com idiot
(02:23 / Observers) Blahsmack: noob elf
(02:24 / Observers) Blahsmack: imo
(02:34 / Observers) onecheeksneak: boobs?
(02:45 / Observers) Blahsmack: mmm boobs
(03:07 / Observers) memie: ..
(03:14 / Observers) owns_me: haha
(03:18 / Observers) Blahsmack: ownage
(03:21 / Observers) owns_me: fail
(03:25 / Observers) memie: how dk early to use mana
(03:25 / Observers) owns_me: hit the fucking
(03:45 / All) D(3)A(T)H: ur noob
(03:46 / All) D(3)A(T)H: lol
(03:47 / All) kunt.roII: ? ?
(03:54 / All) kunt.roII: damn
(04:01 / Observers) onecheeksneak: he towered.
(04:04 / All) D(3)A(T)H: Nice waste of man
(04:05 / All) D(3)A(T)H: A
(04:32 / All) kunt.roII: ur noob
(04:50 / All) kunt.roII: LOL
(05:00 / All) D(3)A(T)H: mass ghouls lol...
(05:01 / Observers) Blahsmack: its gg
(05:07 / Observers) Blahsmack: mass archer lol
(05:10 / Observers) onecheeksneak: ghouls with lumber
(05:12 / All) kunt.roII: now im just playing around
(05:14 / Observers) onecheeksneak: a deadly combination
(05:15 / All) kunt.roII: obs will see
(05:37 / Observers) onecheeksneak: both are noobs
(05:46 / Observers) Blahsmack: i dont know
(05:48 / Observers) Blahsmack: about that
(05:57 / Observers) onecheeksneak: they are
(05:58 / Observers) Blahsmack: he just creeped red with mass ghouls
(06:07 / Observers) Blahsmack: and got the item
(06:09 / Observers) Blahsmack: no problem
(06:21 / Observers) onecheeksneak: stop the fucking press
(07:12 / Observers) onecheeksneak: if the man gets a second hero from the mercenary camp
(07:18 / Observers) onecheeksneak: then hes mediocre
(07:29 / Observers) onecheeksneak: lich
(07:34 / Observers) onecheeksneak: anus
(07:49 / Observers) Banena: remember the show gargoyles
(09:23 / Observers) Blahsmack: invownederable
(09:43 / Observers) onecheeksneak: bone chimes just saved him a DL
(09:53 / All) kunt.roII: LOL
(12:36 / Observers) Blahsmack: he got panda
(12:41 / Observers) memie: nice
(12:42 / Observers) Blahsmack: how nooby
(12:49 / Observers) memie: so nice
(13:02 / Observers) knuckles1018: 囧
(13:06 / Observers) Blahsmack: ahahhaa
(13:08 / Observers) Blahsmack: what a noob
(13:19 / Observers) onecheeksneak: .
(13:20 / Observers) memie: 囧
(13:35 / All) D(3)A(T)H: so is host whispering u or are you just a mhing noob
(13:37 / All) kunt.roII: LOL
(13:41 / All) kunt.roII: WHY WOULD I NOT GO FOR THAT
(13:46 / All) kunt.roII: PS SHADES
(13:47 / Observers) Blahsmack: you cant whisper
(13:51 / Observers) Blahsmack: when observer
(13:51 / All) kunt.roII: GOT WYRM
(13:54 / All) kunt.roII: BETTER NIOT GET RED 
(13:56 / Observers) Blahsmack: what a noob
(15:59 / Observers) onecheeksneak: no expansion
(16:10 / Observers) Blahsmack: noobs right
(18:07 / Observers) onecheeksneak: i guess they don't like dust of appearance against nightelf
(19:08 / All) kunt.roII: not this time noobelf
(19:20 / All) D(3)A(T)H: Elf is noob
(19:22 / All) D(3)A(T)H: i hate them
(19:23 / All) kunt.roII: no
(19:23 / All) kunt.roII: u are
(19:42 / All) D(3)A(T)H: na just u
(19:45 / All) kunt.roII: NAH
(19:47 / Observers) onecheeksneak: ?
(19:56 / All) D(3)A(T)H: No upgrades no nothing
(20:02 / All) D(3)A(T)H:  web with air is gay
(20:04 / All) kunt.roII: dont need upgrades
(20:05 / All) D(3)A(T)H: ur a fuckin noob
(20:13 / All) kunt.roII: i stopped trying the minute i saw u suckd
(20:28 / All) D(3)A(T)H: then why play cgs noob
(20:31 / All) D(3)A(T)H: Go get some ladder stats
(20:34 / All) kunt.roII: lol?\
(20:41 / All) kunt.roII: why do i need to mass ladder stats every season
(20:43 / All) kunt.roII: lmao.